 Dungeon Crawl Stone Soup version 0.17-a0-2027-gcac42c4 (webtiles) character file.

86 Ijustatesigmund the Sneak (level 4, 0/42 HPs)
             Began as an Octopode Transmuter on Oct 10, 2015.
             Succumbed to an adder's poison
             ... on level 2 of the Dungeon.
             The game lasted 00:03:54 (1706 turns).

Ijustatesigmund the Sneak (Octopode Transmuter)     Turns: 1706, Time: 00:03:55

Health: 0/42       AC: 22    Str: 14    XL:     4   Next: 50%
Magic:  7/7        EV:  2    Int: 16    God:
Gold:   41         SH:  0    Dex: 12    Spells: 3 memorised, 1 level left

rFire  . . .     SeeInvis .     e - +0 short sword
rCold  . . .     Clarity  .     (no shield)
rNeg   + + +     SustAt   .     (helmet currently unavailable)
rPois  +         Gourm    .     (no amulet)
rElec  .         Spirit   .     (no ring)
rCorr  .         Warding  .     (no ring)
rMut   .         NoTele   +     (no ring)
MR     .....                    (no ring)
Stlth  +++.......               (no ring)
                                (no ring)
                                (no ring)
                                (no ring)

@: mighty, lethally poisoned (0 -> -8), tree-form, not resistant to hostile
enchantments, fairly stealthy
A: almost no armour, amphibious, 8 rings, (constrict 8), (camouflage 0),
(gelatinous body 0)
a: no special abilities


You were on level 2 of the Dungeon.
You were hungry.
You were a tree.
You visited 1 branch of the dungeon, and saw 2 of its levels.

You collected 41 gold pieces.

Inventory:

Hand Weapons
 e - a +0 short sword (weapon)
Missiles
 a - 94 arrows
Scrolls
 i - a scroll of identify
Potions
 h - a potion of agility
Books
 b - a book of Changes

   Spells                             Type                      Level
   a - Beastly Appendage              Transmutation                1
   b - Sticks to Snakes               Transmutation                2
   c - Spider Form                    Transmutation/Poison         3
   d - Ice Form                       Ice/Transmutation            4
   e - Blade Hands                    Transmutation                5
Comestibles
 c - 3 bread rations
 j - a beef jerky
 l - a meat ration


   Skills:
 - Level 1.0 Fighting
 - Level 1.1 Short Blades
 - Level 2.0 Dodging
 + Level 3.9 Stealth
 - Level 3.0 Unarmed Combat
 - Level 2.0 Spellcasting
 - Level 2.5 Transmutations
 + Level 2.1 Poison Magic


You had one spell level left.
You knew the following spells:

 Your Spells              Type           Power        Failure   Level  Hunger
a - Beastly Appendage     Trmt           #.....       10%         1    #......
b - Sticks to Snakes      Trmt           #.........   12%         2    ###....
c - Spider Form           Trmt/Pois      #.........   28%         3    ###....


Dungeon Overview and Level Annotations

Branches:
Dungeon (2/15)

Altars:


Innate Abilities, Weirdness & Mutations

You cannot wear most types of armour.
You are amphibious.
You can wear up to eight rings at the same time.
((You can use your tentacles to constrict eight enemies at once.))
((Your skin changes colour to match your surroundings (Stealth).))
((Your rubbery body absorbs attacks (AC +1).))


Message History

* * * LOW HITPOINT WARNING * * *
You feel sick. The adder bites you but does no damage.
The rat barely misses you.
You puncture the adder!
You kill the adder!
Your Poison Magic skill increases to level 2!
* * * LOW HITPOINT WARNING * * *
You feel sick. The rat bites you but does no damage.
You are feeling hungry.
You puncture the rat!
You kill the rat!
* * * LOW HITPOINT WARNING * * *
You feel sick.
* * * LOW HITPOINT WARNING * * *
You feel sick.
* * * LOW HITPOINT WARNING * * *
You feel sick.
* * * LOW HITPOINT WARNING * * *
You feel sick.
You die...

##.)## #.# ...
##...# #.# ###
#.(.## #.# #.†.#
#.# #
#...######.###.#
#..............#
##.#...........#
###..........#
#.....♣....#
#.....†....#
#..........#
############


There were no monsters in sight!

Vanquished Creatures
  5 adders (D:2)
  A worm (D:2)
  A ball python (D:1)
  6 bats
  2 giant cockroaches (D:2)
  4 goblins
  4 hobgoblins (D:1)
  2 jackals (D:1)
  5 kobolds (D:1)
  A quokka (D:2)
  2 giant newts (D:1)
  7 rats
40 creatures vanquished.

Notes
Turn   | Place    | Note
--------------------------------------------------------------
     0 | D:1      | Ijustatesigmund the Octopode Transmuter began the quest for the Orb.
     0 | D:1      | Reached XP level 1. HP: 13/13 MP: 3/3
    71 | D:1      | Reached skill level 1 in Stealth
   403 | D:1      | Reached XP level 2. HP: 12/18 MP: 5/5
  1058 | D:1      | Reached skill level 1 in Short Blades
  1124 | D:1      | Learned a level 2 spell: Sticks to Snakes
  1200 | D:1      | Reached XP level 3. HP: 23/23 MP: 6/6
  1208 | D:1      | Learned a level 3 spell: Spider Form
  1469 | D:2      | Reached skill level 1 in Poison Magic
  1670 | D:2      | Reached XP level 4. HP: 28/28 MP: 7/7
  1703 | D:2      | HP: 2/42 [poisoned by an adder]
  1706 | D:2      | Succumbed to an adder's poison

Vault maps used:
D:1:      sevenhm_arrival_forest_fort_large_3

Action                   |  1- 3 |  4- 6 || total
-------------------------+-------+-------++-------
Melee: Unarmed           |    11 |       ||    11
       Short sword       |    66 |    17 ||    83
  Use: Scroll            |     3 |       ||     3
       Potion            |       |     4 ||     4
 Stab: Sleeping          |    10 |     1 ||    11
  Eat: Chunk             |     2 |       ||     2
